[Event "Early-Titled-Tuesday-Blitz-March-05-2024"]
[Site "Chess.com"]
[Date "2024.03.05"]
[Round "5"]
[White "Josgar05"]
[Black "djano"]
[Result "0-1"]
[WhiteElo "2375"]
[BlackElo "2554"]
[TimeControl "180+1"]
[EndTime "8:55:33 PST"]
[Termination "djano won by resignation"]

1. c4 d6 2. g3 Nf6 3. Bg2 g6 4. Nf3 Bg7 5. O-O O-O 6. d3 e5 7. Nc3 Nh5 8. d4 Nd7 9. b3 c6 10. Bb2 f5 11. e4 f4 12. dxe5 dxe5 13.
Qd6 Qe8 14. Rad1 Rf6 15. Qd2 Nf8 16. Na4 Bg4 17. Nxe5 Bxd1 18. Rxd1 fxg3 19. hxg3 Re6 20. f4 Nxg3 21. Nc5 Re7 22. Ng4 Qf7 23. Bxg7 Qxg7 24. e5 Kh8 25. Nf6 Nh5 26. Nxh5 gxh5 27. Ne4 Rd7 28.
Qe2 Rxd1+ 29. Qxd1 Ne6 30. Qf3 h4 31. Kf1 Rd8 32.
Nd6 Rf8 33. f5 Qxe5 34. Bh3 Qxd6 35. Qc3+ Qd4 36. Qxd4+ Nxd4 0-1

[Event "Early-Titled-Tuesday-Blitz-March-05-2024"]
[Site "Chess.com"]
[Date "2024.03.05"]
[Round "5"]
[White "FREDERICKtheMATE"]
[Black "Crazy_girl99"]
[Result "1-0"]
[WhiteElo "2721"]
[BlackElo "2533"]
[TimeControl "180+1"]
[EndTime "8:55:38 PST"]
[Termination "FREDERICKtheMATE won by resignation"]

1. d4 Nf6 2. c4 e6 3. Nf3 d5 4. Nc3 Bb4 5. Qa4+ Nc6 6. e3 O-O 7. Bd2 Re8 8. Qc2 e5 9. Nxd5 Bxd2+ 10. Qxd2 exd4 11. Nxd4 Ne4 12. Qd3 Nc5 13. Qd1 Bd7 14. Be2 Ne5 15. O-O c6 16. Nc3 Qh4 17. b4 Ne6 18. Nf5 Qf6 19. Nd6 Reb8 20. Nce4 Qe7 21. f4 Nxf4 22. exf4 Ng6 23. f5 Nf8 24. f6 gxf6 25.
Nxf6+ Kh8 26. Bh5 Ng6 27. Nxd7 Qxd7 28. Nxf7+ 1-0

[Event "Early-Titled-Tuesday-Blitz-March-05-2024"]
[Site "Chess.com"]
[Date "2024.03.05"]
[Round "5"]
[White "AttilaTurzo"]
[Black "Kapitan_Bayan"]
[Result "1-0"]
[WhiteElo "2474"]
[BlackElo "2297"]
[TimeControl "180+1"]
[EndTime "8:55:43 PST"]
[Termination "AttilaTurzo won by resignation"]

1. d4 d5 2. Nf3 Nf6 3. Bf4 g6 4. e3 Bg7 5. c3 O-O 6. Nbd2 c5 7. h3 Nc6 8. dxc5 Nd7 9. Nb3 e6 10. Bd6 Re8 11. Nbd4 e5 12. Nb5 Bf8 13. Nc7 Bxd6 14. cxd6 Nb6 15. Nxe8 Qxe8 16. c4 Nxc4 17. Bxc4 dxc4 18.
O-O Be6 19. Qa4 Rd8 20. Rfd1 a6 21. Qc2 Nb4 22. Qc3 e4 23. Qxb4 exf3 24. gxf3 Bxh3 25. Qxc4 Qe5 26. Qh4 Be6 27. Qxd8+ 1-0

[Event "Early-Titled-Tuesday-Blitz-March-05-2024"]
[Site "Chess.com"]
[Date "2024.03.05"]
[Round "5"]
[White "Kislov_Oleg"]
[Black "SchmakAttack"]
[Result "0-1"]
[WhiteElo "2580"]
[BlackElo "2808"]
[TimeControl "180+1"]
[EndTime "8:55:44 PST"]
[Termination "SchmakAttack won by resignation"]

1. e4 e5 2. Nf3 Nc6 3. d4 exd4 4. Nxd4 Nf6 5. Nc3 Bb4 6. Nxc6 bxc6 7. Bd3 d5 8. exd5 O-O 9. O-O Bg4 10. f3 Bh5 11.
dxc6 Qd4+ 12. Kh1 Bxc3 13. bxc3 Qxc3 14. Rb1 Bg6 15. Bb2 Qxc6 16. Bxf6 Qxf6 17. Bxg6 hxg6 18. Qd7 Qc3 19. Rb7 Qxc2 20. Rxc7 Qxa2 21. h3 a5 22. Rd1 a4 23. Rd2 Qb1+ 24. Rd1 Qb3 25. Rd3 Qb4 26. Rd4 Qe1+ 27. Kh2 a3 28. Rf4 Qe5 29. g3 a2 30.
Rxf7 Qe2+ 31. Kg1 a1=Q+ 0-1

[Event "Early-Titled-Tuesday-Blitz-March-05-2024"]
[Site "Chess.com"]
[Date "2024.03.05"]
[Round "5"]
[White "1mbl4"]
[Black "JSPrepz"]
[Result "1-0"]
[WhiteElo "2618"]
[BlackElo "2842"]
[TimeControl "180+1"]
[EndTime "8:55:49 PST"]
[Termination "1mbl4 won by resignation"]

1. d4 Nf6 2. Bf4 c5 3. dxc5 Na6 4. f3 Nxc5 5. e4 d6 6. Nc3 Qb6 7. Qd2 g6 8. O-O-O Bg7 9. g4 O-O 10. Bh6 Nfxe4 11. fxe4 Nxe4 12. Qe3 Nxc3 13. bxc3 Bxh6 14.
Qxh6 Be6 15. Nf3 f6 16. Bd3 Rac8 17. Bxg6 hxg6 18. Qxg6+ Kh8 19. Rd3 Bg8 20. Ng5 1-0

[Event "Early-Titled-Tuesday-Blitz-March-05-2024"]
[Site "Chess.com"]
[Date "2024.03.05"]
[Round "5"]
[White "Kildepiotr"]
[Black "toninhojit"]
[Result "1-0"]
[WhiteElo "2679"]
[BlackElo "2496"]
[TimeControl "180+1"]
[EndTime "8:55:50 PST"]
[Termination "Kildepiotr won by resignation"]

1. Nf3 Nf6 2. g3 g6 3. Bg2 Bg7 4. O-O O-O 5. d4 d5 6. c4 c6 7. Nc3 Ne4 8. Qb3 Nxc3 9. bxc3 dxc4 10. Qxc4 Nd7 11. a4 a5 12. Qb3 Nf6 13. Ba3 Rb8 14. Ne5 Be6 15. Qc2 Nd7 16. Nd3 Bd5 17. e4 Bc4 18. Rfd1 b5 19. Nb2 Be6 20. axb5 Rxb5 21. c4 Rh5 22. Bf3 Rh6 23. Na4 Nf6 24. Bc1 Rh3 25. Bg2 Rh5 26. e5 Ng4 27. h3 Bf5 28.
Qe2 Nh6 29. g4 Rh4 30. Bg5 Rxg4 31. hxg4 Bxg4 32. f3 Be6 33. d5 cxd5 34. cxd5 Bf5 35. Qe3 1-0

[Event "Early-Titled-Tuesday-Blitz-March-05-2024"]
[Site "Chess.com"]
[Date "2024.03.05"]
[Round "5"]
[White "janhelmer03"]
[Black "campochess"]
[Result "1-0"]
[WhiteElo "2404"]
[BlackElo "2217"]
[TimeControl "180+1"]
[EndTime "8:55:53 PST"]
[Termination "janhelmer03 won by resignation"]

1. d4 c5 2. dxc5 e6 3. Nf3 Bxc5 4. e3 Nf6 5. b3 d5 6. Bb2 Nbd7 7. Be2 O-O 8. O-O Ne4 9. Nbd2 f5 10. c4 Ndf6 11.
cxd5 exd5 12. Rc1 Bb6 13. Ne5 Be6 14. Ndf3 Rc8 15. Rxc8 Qxc8 16. Qd3 Qe8 17. Nd4 Bf7 18. Nxf5 d4 19. Nxf7 Rxf7 20. Bxd4 Nd5 21. Bxb6 Rxf5 22. Bf3 Nxb6 23. Qxe4 Re5 24. Qxb7 Re7 25. Qc6 Qf8 26. a4 h6 27. a5 Re6 28. Qxe6+ 1-0

[Event "Early-Titled-Tuesday-Blitz-March-05-2024"]
[Site "Chess.com"]
[Date "2024.03.05"]
[Round "5"]
[White "Cheer_Down"]
[Black "Kielinkei"]
[Result "0-1"]
[WhiteElo "2406"]
[BlackElo "2596"]
[TimeControl "180+1"]
[EndTime "8:55:54 PST"]
[Termination "Kielinkei won by resignation"]

1. e4 c5 2. Nf3 e6 3. d4 cxd4 4.
Nxd4 Nc6 5. Bf4 a6 6. Nxc6 bxc6 7.
c4 d6 8. Nc3 e5 9. Be3 Nf6 10.
Be2 Be7 11. O-O O-O 12. f3 Be6 13. Qd2 d5 14. cxd5 cxd5 15. exd5 Nxd5 16. Nxd5 Qxd5 17. Qxd5 Bxd5 18. b3 a5 19. Rfd1 Rfd8 20. Bc4 Bxc4 21. bxc4 Rac8 22. Rxd8+ Rxd8 23. Rc1 Rd3 24. Kf2 Rxe3 25.
Kxe3 Bg5+ 26. Ke4 Bxc1 27. Kd5 Kf8 28. c5 Ke7 0-1

[Event "Early-Titled-Tuesday-Blitz-March-05-2024"]
[Site "Chess.com"]
[Date "2024.03.05"]
[Round "5"]
[White "The_Straightforward_Rook"]
[Black "maximnovik"]
[Result "0-1"]
[WhiteElo "2464"]
[BlackElo "2607"]
[TimeControl "180+1"]
[EndTime "8:55:56 PST"]
[Termination "maximnovik won by resignation"]

1. Nf3 Nf6 2. d4 g6 3. Nbd2 d5 4.
b4 a5 5. b5 c6 6. a4 Bg7 7. e3 O-O 8. Be2 Bf5 9. O-O Nbd7 10. c4 c5 11. Bb2 Rc8 12. Nb3 dxc4 13. Nxc5 Nxc5 14. dxc5 Rxc5 15. Qxd8 Rxd8 16. Ba3 Ne4 17. Bxc5 Nxc5 18. Bxc4 Bxa1 19. Rxa1 Bc2 20. Rc1 Rd1+ 21. Rxd1 Bxd1 22. Nd2 Bxa4 23. Bd5 e6 0-1

[Event "Early-Titled-Tuesday-Blitz-March-05-2024"]
[Site "Chess.com"]
[Date "2024.03.05"]
[Round "5"]
[White "ZCorrales"]
[Black "carloseduar100"]
[Result "1-0"]
[WhiteElo "2214"]
[BlackElo "2352"]
[TimeControl "180+1"]
[EndTime "8:55:57 PST"]
[Termination "ZCorrales won by checkmate"]

1. e4 e6 2. d4 d5 3. Bd3 dxe4 4. Bxe4 Nf6 5. Bf3 c5 6. Ne2 Nbd7 7. O-O cxd4 8.
Nxd4 Be7 9. Nc3 O-O 10. Be3 a6 11. a4 Ne5 12. Re1 Nxf3+ 13. Qxf3 Nd5 14. Nxd5 Qxd5 15.
Qxd5 exd5 16. Rad1 Bf6 17. c3 Bg4 18. f3 Bd7 19. a5 Rfe8 20. Kf2 h6 21. Ne2 Bc6 22. Nf4 Rad8 23. Bb6 Rd7 24. Rxe8+ Kh7 25. Bd4 Bd8 26. Nh5 f6 27. b4 Bc7 28. Rde1 Bd6 29. Bxf6 Rf7 30.
Bd4 Bxe8 31. Rxe8 Bxh2 32. g3 g6 33. Rh8# 1-0

[Event "Early-Titled-Tuesday-Blitz-March-05-2024"]
[Site "Chess.com"]
[Date "2024.03.05"]
[Round "5"]
[White "alexrustemov"]
[Black "Hamisandwich"]
[Result "0-1"]
[WhiteElo "2802"]
[BlackElo "2632"]
[TimeControl "180+1"]
[EndTime "8:55:58 PST"]
[Termination "Hamisandwich won by resignation"]

1. d4 g6 2. c4 Bg7 3. Nf3 d6 4. g3 f5 5. Bg2 Nf6 6. O-O O-O 7. Nc3 c6 8. Qc2 Kh8 9. e4 fxe4 10. Nxe4 Bf5 11. Nxf6 Bxc2 12. Ng4 Bd3 13. Re1 Bxc4 14. Bg5 Bf6 15. Bh6 Rf7 16. Ng5 Bxg5 17. Bxg5 Bd5 18.
Nh6 Rg7 19. Re2 Bxg2 20. Kxg2 Qa5 21. Rae1 Qxg5 0-1

[Event "Early-Titled-Tuesday-Blitz-March-05-2024"]
[Site "Chess.com"]
[Date "2024.03.05"]
[Round "5"]
[White "HansOnTwitch"]
[Black "ActorXu"]
[Result "1-0"]
[WhiteElo "3113"]
[BlackElo "2854"]
[TimeControl "180+1"]
[EndTime "8:56:16 PST"]
[Termination "HansOnTwitch won by resignation"]

1. e4 c5 2. Nf3 Nc6 3. Bb5 e6 4. O-O Nd4 5. Nxd4 cxd4 6. c3 a6 7. Bd3 Bc5 8. b4 Ba7 9. Na3 Ne7 10. Nc2 Nc6 11. cxd4 Nxd4 12. Bb2 Qf6 13. Kh1 d6 14. f4 O-O 15. Qh5 g6 16. Qh6 Bd7 17. f5 exf5 18.
exf5 Nxf5 19. Qxf8+ Rxf8 20. Bxf6 1-0

[Event "Early-Titled-Tuesday-Blitz-March-05-2024"]
[Site "Chess.com"]
[Date "2024.03.05"]
[Round "5"]
[White "TitarovVasiliYouTube"]
[Black "BardArtem"]
[Result "0-1"]
[WhiteElo "2524"]
[BlackElo "2716"]
[TimeControl "180+1"]
[EndTime "8:56:16 PST"]
[Termination "BardArtem won by checkmate"]

1. e4 b6 2. d4 Bb7 3. Bd3 e6 4. Nf3 Nf6 5. Qe2 d5 6. e5 Nfd7 7. O-O c5 8. c3 Nc6 9. a3 Be7 10. b4 g5 11. b5 Na5 12. Nbd2 Qc7 13. Bb2 O-O-O 14. Rac1 Kb8 15. Ne1 Rc8 16. Qh5 f6 17.
Qf7 Rce8 18. exf6 Nxf6 19. Qxe6 Rhf8 20. Qh3 Bc8 21. Qh6 Ng4 22. Qh5 Rf6 23. Qxe8 Qxh2# 0-1

[Event "Early-Titled-Tuesday-Blitz-March-05-2024"]
[Site "Chess.com"]
[Date "2024.03.05"]
[Round "5"]
[White "sergeikim"]
[Black "IngOscarArdila"]
[Result "1-0"]
[WhiteElo "2591"]
[BlackElo "2324"]
[TimeControl "180+1"]
[EndTime "8:56:17 PST"]
[Termination "sergeikim won by checkmate"]

1. d4 Nf6 2. c4 e6 3. Nc3 Be7 4. Qc2 d6 5. e4 O-O 6. Bd3 e5 7. d5 Nbd7 8. Nf3 Nc5 9. O-O Nxd3 10. Qxd3 c6 11. h3 cxd5 12. cxd5 Bd7 13. Be3 a6 14. Rfc1 Rc8 15. Ne2 Bb5 16. Qd1 Nxe4 17. a4 Rxc1 18. Rxc1 Bxe2 19. Qxe2 f5 20. Qc4 Bf6 21. Qc7 Qe8 22.
Qxb7 Qxa4 23. Rc8 Qd1+ 24. Kh2 g6 25. Bh6 Rxc8 26. Qxc8+ Kf7 27. Qf8# 1-0

[Event "Early-Titled-Tuesday-Blitz-March-05-2024"]
[Site "Chess.com"]
[Date "2024.03.05"]
[Round "5"]
[White "Bulatova_Kamaliya"]
[Black "NovozhilovSemen"]
[Result "1-0"]
[WhiteElo "2488"]
[BlackElo "2619"]
[TimeControl "180+1"]
[EndTime "8:56:18 PST"]
[Termination "Bulatova_Kamaliya won by resignation"]

1. e4 c5 2. c3 Nf6 3. e5 Nd5 4.
Nf3 Nc6 5. d4 cxd4 6. Bc4 Nb6 7.
Bb3 d6 8. cxd4 dxe5 9. d5 Nd4 10.
Nxd4 exd4 11. Qxd4 e6 12. Nc3 Be7 13. Qxg7 Bf6 14.
Qg3 exd5 15. O-O Be6 16. Nb5 Rc8 17. Nd6+ Kd7 18. Nxc8 Qxc8 19. Bf4 Rg8 20. Qd3 Qc6 21. Rac1 d4 22. Rxc6 1-0

[Event "Early-Titled-Tuesday-Blitz-March-05-2024"]
[Site "Chess.com"]
[Date "2024.03.05"]
[Round "5"]
[White "Barmen_EV"]
[Black "goldihouse"]
[Result "0-1"]
[WhiteElo "2489"]
[BlackElo "2657"]
[TimeControl "180+1"]
[EndTime "8:56:19 PST"]
[Termination "goldihouse won by checkmate"]

1. e4 e6 2. d4 d5 3. Nd2 Nc6 4.
Ngf3 Nf6 5. e5 Nd7 6. c3 f6 7. exf6 Qxf6 8. Bb5 Bd6 9. O-O O-O 10. Re1 e5 11.
Bxc6 bxc6 12. dxe5 Nxe5 13. Nxe5 Bxe5 14. Qe2 Bd6 15. h3 Qg6 16. Kh1 Bd7 17. Nf3 Rae8 18. Be3 c5 19. Rad1 Bxh3 20. gxh3 Qe4 21. Kg2 Re6 22.
h4 Qg4+ 23. Kf1 Qh3+ 24. Kg1 Rxf3 25. Qb5 Bh2+ 26. Kh1 Bf4+ 27. Kg1 Bxe3 28. Rxe3 Rg6# 0-1

[Event "Early-Titled-Tuesday-Blitz-March-05-2024"]
[Site "Chess.com"]
[Date "2024.03.05"]
[Round "5"]
[White "Sharafiev_Azat"]
[Black "Yan_Dyomin2010"]
[Result "0-1"]
[WhiteElo "2458"]
[BlackElo "2709"]
[TimeControl "180+1"]
[EndTime "8:56:20 PST"]
[Termination "Yan_Dyomin2010 won by resignation"]

1. Nf3 Nf6 2. c4 g6 3. Nc3 Bg7 4. e4 d6 5. d4 O-O 6. Be2 e5 7. d5 a5 8. Be3 Ng4 9. Bg5 f6 10.
Bd2 f5 11. h3 Nf6 12. exf5 gxf5 13. Qc2 Na6 14. g4 Nc5 15. gxf5 Nh5 16. f6 Qxf6 17.
Be3 Bf5 18. Qd2 Nf4 19. Bxc5 dxc5 20. h4 Rae8 21. Ng5 Nxe2 22. Qxe2 e4 23. O-O-O h6 24.
Ne6 Bxe6 25. dxe6 Rxe6 26. Rhg1 Qxf2 27. Qg4 Qf4+ 28. Kc2 Qxg4 29. Rxg4 Rf7 30. Rxe4 Rf2+ 31. Rd2 Rxd2+ 32. Kxd2 Bxc3+ 0-1

[Event "Early-Titled-Tuesday-Blitz-March-05-2024"]
[Site "Chess.com"]
[Date "2024.03.05"]
[Round "5"]
[White "ccccvhhhj"]
[Black "GAusal"]
[Result "1-0"]
[WhiteElo "2485"]
[BlackElo "2306"]
[TimeControl "180+1"]
[EndTime "8:56:20 PST"]
[Termination "ccccvhhhj won by resignation"]

1. e4 c5 2. Nf3 e6 3. b4 Nc6 4.
bxc5 Bxc5 5. d4 Be7 6. c3 d5 7. e5 b6 8. Bd3 Bb7 9. O-O Qc7 10. a4 Na5 11. Bd2 Nc4 12. Bc1 Rc8 13. Ne1 h5 14. f4 Nh6 15. f5 exf5 16. Bxf5 Nxf5 17. Rxf5 g6 18. Rf1 Qd7 19. Qf3 O-O 20.
Bh6 a5 21. Bxf8 Rxf8 22. Nd3 Ba6 23. Nf4 Qf5 24. Nxd5 Qxf3 25. Nxe7+ Kg7 26. Rxf3 Re8 27. Nd5 Bb7 28. Nf6 Rc8 29. Rf1 Ne3 30. Rf2 Nd1 31. Rc2 Ne3 32. Rd2 Nc4 33. Re2 h4 34. h3 Rc7 35. Ne8+ 1-0

[Event "Early-Titled-Tuesday-Blitz-March-05-2024"]
[Site "Chess.com"]
[Date "2024.03.05"]
[Round "5"]
[White "YurasovMat-2012"]
[Black "Sjakkerntobi"]
[Result "1-0"]
[WhiteElo "2615"]
[BlackElo "2466"]
[TimeControl "180+1"]
[EndTime "8:56:21 PST"]
[Termination "YurasovMat-2012 won by resignation"]

1. e4 e6 2. Nf3 d5 3. Nc3 d4 4. Ne2 c5 5. g3 Nc6 6. Bg2 a6 7. O-O g5 8. d3 g4 9. Ne1 h5 10. f3 gxf3 11. Nxf3 Bd6 12. Nf4 Nf6 13. Qe2 Ng4 14.
h3 Nge5 15. Nxe5 Nxe5 16. Nxh5 Kd7 17. Bf4 Kc7 18. c3 c4 19. cxd4 Nxd3 20. Qc2 b5 21. e5 Be7 22. Be3 Rxh5 23. Bxa8 Rxh3 24. Qg2 Qh8 25. Rxf7 1-0

[Event "Early-Titled-Tuesday-Blitz-March-05-2024"]
[Site "Chess.com"]
[Date "2024.03.05"]
[Round "5"]
[White "DeArron_Fox"]
[Black "GMG"]
[Result "0-1"]
[WhiteElo "2507"]
[BlackElo "2724"]
[TimeControl "180+1"]
[EndTime "8:56:22 PST"]
[Termination "GMG won by resignation"]

1. d4 f5 2. g3 Nf6 3. Bg2 e6 4. Nf3 d5 5. O-O Bd6 6. c4 O-O 7. Nc3 c6 8. Bf4 Bxf4 9. gxf4 Bd7 10. e3 Be8 11. Ne5 Nbd7 12. b4 Bh5 13. Bf3 Nxe5 14. fxe5 Bxf3 15. Qxf3 Ne4 16. Nxe4 fxe4 17. Qg4 Rf5 18.
Kh1 Qf8 19. b5 Qf7 20. a4 Rf8 21. Ra2 h5 22. Qh4 g5 23. Qg3 Kh7 24. a5 Rf3 25. Qxg5 Rg8 26. Qh4 Qg6 27. Qg3 Rxg3 28. fxg3 dxc4 29.
a6 cxb5 30. axb7 Rb8 31. Rxa7 Qg7 32. Rb1 Rxb7 33. Ra5 b4 34. Rc5 c3 35. Rc4 Qf7 36. Kg1 Qf3 0-1

[Event "Early-Titled-Tuesday-Blitz-March-05-2024"]
[Site "Chess.com"]
[Date "2024.03.05"]
[Round "5"]
[White "Caroexpert"]
[Black "KhalilMousavi98"]
[Result "0-1"]
[WhiteElo "2617"]
[BlackElo "2820"]
[TimeControl "180+1"]
[EndTime "8:56:23 PST"]
[Termination "KhalilMousavi98 won by resignation"]

1. Nf3 Nf6 2. d4 b6 3. Bf4 Bb7 4. e3 Nh5 5. Bg5 h6 6. Bh4 g5 7.
Nfd2 Ng7 8. Bg3 h5 9. h4 Nf5 10. hxg5 Nxg3 11. fxg3 e5 12. Rxh5 Rg8 13. Nf3 e4 14.
Nh4 Rxg5 15. Rxg5 Qxg5 16. Qe2 Nc6 17. Nc3 Qxg3+ 18. Qf2 Qg4 19. Be2 Qg7 20. Nxe4 O-O-O 21. Nf5 Qg6 22. O-O-O Nb4 23. Kb1 Bxe4 24. Rd2 Bxf5 0-1

[Event "Early-Titled-Tuesday-Blitz-March-05-2024"]
[Site "Chess.com"]
[Date "2024.03.05"]
[Round "5"]
[White "SaqoChess_Twitch"]
[Black "ilqar_74"]
[Result "0-1"]
[WhiteElo "2583"]
[BlackElo "2837"]
[TimeControl "180+1"]
[EndTime "8:56:24 PST"]
[Termination "ilqar_74 won by resignation"]

1. d4 Nf6 2. c4 g6 3. Nc3 Bg7 4. Nf3 d6 5. h3 O-O 6. Bf4 Nbd7 7. e3 Re8 8. Be2 b6 9. O-O Bb7 10. Qc2 e5 11. dxe5 dxe5 12. Bh2 c6 13. Rfd1 Qe7 14.
Rac1 Rad8 15. a3 e4 16. Nd4 Ne5 17. Nxe4 Nxe4 18. Qxe4 c5 19. Qf4 cxd4 20. exd4 Nc6 21. d5 Qxe2 22. Qc7 Ba8 23. Bf4 Nd4 24. Re1 Qd3 25.
Kh2 Ne2 26. Rcd1 Qe4 27. Bg3 Qe7 28. Qxe7 Rxe7 29. Rd2 Nxg3 30. Rxe7 Nf1+ 31. Kg1 Nxd2 0-1

[Event "Early-Titled-Tuesday-Blitz-March-05-2024"]
[Site "Chess.com"]
[Date "2024.03.05"]
[Round "5"]
[White "db-banana"]
[Black "unagi64"]
[Result "1-0"]
[WhiteElo "2484"]
[BlackElo "2601"]
[TimeControl "180+1"]
[EndTime "8:56:25 PST"]
[Termination "db-banana won by resignation"]

1. e4 d6 2. Nc3 Nf6 3. d4 e5 4. dxe5 dxe5 5. Qxd8+ Kxd8 6. a3 c6 7. Nf3 Bd6 8. Bc4 Ke7 9. Bg5 h6 10. Bh4 Be6 11. Bxe6 Kxe6 12. O-O-O Nbd7 13. Bg3 Rad8 14. Nd2 Bc7 15. Nb3 b5 16. h3 Bb6 17. Kb1 a5 18. f4 b4 19. axb4 axb4 20. fxe5 Nxe5 21. Na4 Bc7 22. Nd4+ Kd7 23. Nf3+ Ke6 24. Nc5+ Ke7 25.
Bxe5 Bb6 26. Bxf6+ Kxf6 27. Nd7+ 1-0

[Event "Early-Titled-Tuesday-Blitz-March-05-2024"]
[Site "Chess.com"]
[Date "2024.03.05"]
[Round "5"]
[White "Pedrada88"]
[Black "chupitroko32"]
[Result "1-0"]
[WhiteElo "2566"]
[BlackElo "2387"]
[TimeControl "180+1"]
[EndTime "8:56:29 PST"]
[Termination "Pedrada88 won by resignation"]

1. Nf3 d5 2. g3 Nf6 3. Bg2 g6 4. O-O Bg7 5. c4 c6 6. cxd5 cxd5 7. d4 O-O 8. Nc3 Nc6 9. Bf4 Bf5 10. Rc1 Rc8 11. Qb3 Qb6 12. Qxb6 axb6 13. Rfd1 Na5 14. b3 e6 15. Ne5 Rfd8 16. Na4 b5 17. Nb6 Rxc1 18.
Rxc1 Ne8 19. e3 h6 20. h4 f6 21. Ned7 g5 22. hxg5 e5 23. gxf6 exf4 24. Bxd5+ Kh7 25.
fxg7 Nxg7 26. Rc7 fxe3 27. fxe3 Kg6 28. Ne5+ Kh7 29. g4 Bb1 30. Nbd7 Bxa2 31. Nf6+ 1-0

[Event "Early-Titled-Tuesday-Blitz-March-05-2024"]
[Site "Chess.com"]
[Date "2024.03.05"]
[Round "5"]
[White "GlavkonVVS"]
[Black "Rud_2008"]
[Result "1-0"]
[WhiteElo "2551"]
[BlackElo "2722"]
[TimeControl "180+1"]
[EndTime "8:56:31 PST"]
[Termination "GlavkonVVS won by checkmate"]

1. c4 e5 2. Nc3 Nf6 3. g3 c6 4.
Bg2 d5 5. cxd5 cxd5 6. Qb3 e4 7. d3 exd3 8. Nxd5 Nc6 9. Bg5 d2+ 10. Bxd2 Nxd5 11. Bxd5 Ne5 12. Nf3 Nxf3+ 13. exf3 Qe7+ 14. Be3 g6 15. O-O Bg7 16. Rfe1 O-O 17. Bh6 Qd7 18.
Bxg7 Kxg7 19. Rad1 Qf5 20. Re7 Qf6 21. Rc7 Rb8 22. Re1 Bh3 23. Ree7 Kh6 24. Rxf7 Rxf7 25.
Rxf7 Re8 26. Qd1 Qd4 27. Qc1+ g5 28. Be4 Rc8 29. Rxh7# 1-0

[Event "Early-Titled-Tuesday-Blitz-March-05-2024"]
[Site "Chess.com"]
[Date "2024.03.05"]
[Round "5"]
[White "salzikis"]
[Black "JaackCamel"]
[Result "1-0"]
[WhiteElo "2420"]
[BlackElo "2228"]
[TimeControl "180+1"]
[EndTime "8:56:31 PST"]
[Termination "salzikis won by resignation"]

1. e4 e6 2. d4 d5 3. Nc3 Bb4 4.
Ne2 dxe4 5. a3 Be7 6. Nxe4 Nf6 7.
Nxf6+ Bxf6 8. Be3 O-O 9. Qd2 Nd7 10. O-O-O e5 11. Ng3 exd4 12. Bxd4 Bxd4 13. Qxd4 Qf6 14. Qd2 Ne5 15. f3 Be6 16. Ne4 Qe7 17. Qc3 f6 18. Nc5 Bc8 19. f4 Ng4 20. Re1 Qd6 21. g3 b6 22.
Bc4+ Kh8 23. Ne4 Qc6 24. Qb3 Bb7 25. h3 Nh6 26. Rhg1 Rae8 27. Nc3 Rxe1+ 28. Rxe1 a6 29. Bd5 Qc5 30. Bxb7 Qf2 31. Rd1 Qxg3 32. Qc4 Nf5 33. Qxc7 Ne3 34. Qd6 Rg8 35. Rd3 Qe1+ 36. Nd1 Qe2 37.
Rxe3 1-0

[Event "Early-Titled-Tuesday-Blitz-March-05-2024"]
[Site "Chess.com"]
[Date "2024.03.05"]
[Round "5"]
[White "oneshot007"]
[Black "wannabe2700"]
[Result "0-1"]
[WhiteElo "2556"]
[BlackElo "2766"]
[TimeControl "180+1"]
[EndTime "8:56:33 PST"]
[Termination "wannabe2700 won by resignation"]

1. e4 c5 2. Nf3 e6 3. d4 cxd4 4. Nxd4 Nf6 5. Nc3 Nc6 6. Nxc6 bxc6 7. e5 Nd5 8. Ne4 Bb7 9. c4 Nb4 10. c5 Qb8 11. f4 Ba6 12. Bxa6 Nxa6 13. O-O Nxc5 14.
Nxc5 Bxc5+ 15. Kh1 O-O 16. Qxd7 Qb5 17. Rd1 Bb6 18.
a4 Qc5 19. b4 Qc4 20. Bd2 Rfd8 21. Qe7 Qe2 22. Qb7 Rab8 23. Qxc6 Rxd2 24. Rxd2 Qxd2 25. a5 Bd4 26. Qd6 Qxb4 0-1

[Event "Early-Titled-Tuesday-Blitz-March-05-2024"]
[Site "Chess.com"]
[Date "2024.03.05"]
[Round "5"]
[White "xamax2000"]
[Black "RamyresCoelho"]
[Result "1-0"]
[WhiteElo "2924"]
[BlackElo "2302"]
[TimeControl "180+1"]
[EndTime "8:56:34 PST"]
[Termination "xamax2000 won by checkmate"]

1. Nf3 Nf6 2. g3 g6 3. Bg2 Bg7 4. c4 O-O 5. Nc3 d6 6. d4 c6 7. O-O Qc7 8. e4 e5 9. h3 exd4 10. Nxd4 Re8 11. Be3 Na6 12. Qc2 Nb4 13. Qb3 a5 14.
Rad1 d5 15. cxd5 cxd5 16. Ndb5 Qd8 17. a3 Nc6 18. exd5 Rxe3 19. dxc6 Rd3 20. cxb7 Bxb7 21. Bxb7 Rb8 22. Bg2 Nh5 23. Rxd3 Qxd3 24. Rd1 Qf5 25. Qd5 Qc2 26. Qd2 Qb3 27. Bd5 Bxc3 28. Nxc3 Qxb2 29.
Qxb2 Rxb2 30. Ne4 Rb8 31. Nd6 Nf6 32. Bxf7+ Kg7 33. Bc4 Rb6 34. Nb5 Ne4 35. Rd7+ Kh6 36. Re7 Nd2 37. Be2 Rf6 38. h4 Nf3+ 39. Bxf3 Rxf3 40.
Nd4 Rxa3 41. Ne6 Ra1+ 42. Kg2 Re1 43. g4 g5 44. hxg5+ Kg6 45. f4 Re2+ 46. Kf3 Ra2 47. f5# 1-0

[Event "Early-Titled-Tuesday-Blitz-March-05-2024"]
[Site "Chess.com"]
[Date "2024.03.05"]
[Round "5"]
[White "Indianlad"]
[Black "Iball95"]
[Result "1-0"]
[WhiteElo "3026"]
[BlackElo "2903"]
[TimeControl "180+1"]
[EndTime "8:56:36 PST"]
[Termination "Indianlad won by checkmate"]

1. Nf3 d5 2. c4 e6 3. b3 Nf6 4. Bb2 c5 5. e3 Be7 6. Be2 O-O 7. O-O Nc6 8. d4 cxd4 9. Nxd4 Bd7 10. Nd2 Nxd4 11.
Bxd4 Bc6 12. Bf3 Qa5 13. a3 dxc4 14. Bxc6 bxc6 15. Nxc4 Qb5 16. Qc2 c5 17. Bxf6 Bxf6 18. Rad1 Rfd8 19. Rxd8+ Rxd8 20. Rd1 Rxd1+ 21. Qxd1 g6 22. g3 h5 23. h4 Kg7 24. Qd3 Kg8 25.
Kf1 Kg7 26. Ke2 Qb7 27. Nd6 Qb8 28. Ne4 Qe5 29. Qc2 Be7 30. Qc3 Qxc3 31. Nxc3 c4 32. b4 f5 33. Kd2 a6 34. Na4 Bf6 35. Kc2 Kf7 36. Nb6 a5 37. bxa5 Bd8 38. Nxc4 Bxa5 39. Nxa5 g5 40. Nc4 gxh4 41. gxh4 f4 42. exf4 Kf6 43.
a4 Kf5 44. a5 Kg4 45. a6 e5 46. a7 exf4 47. a8=Q f3 48. Qe4+ Kh3 49. Qxf3+ Kh2 50.
Ne3 Kg1 51. Qg2# 1-0

[Event "Early-Titled-Tuesday-Blitz-March-05-2024"]
[Site "Chess.com"]
[Date "2024.03.05"]
[Round "5"]
[White "ContrVersia"]
[Black "Titus369"]
[Result "1-0"]
[WhiteElo "2874"]
[BlackElo "2640"]
[TimeControl "180+1"]
[EndTime "8:56:36 PST"]
[Termination "ContrVersia won on time"]

1. d4 d5 2. c4 e6 3. Nf3 Nf6 4.
g3 Be7 5. Bg2 O-O 6. O-O dxc4 7.
Ne5 Qd6 8. Na3 Rd8 9. Naxc4 Qxd4 10. Qc2 Nd5 11. a3 a5 12. e4 b5 13. exd5 bxc4 14.
dxe6 Bxe6 15. Bxa8 Qxe5 16. Bf4 Qc5 17. Be4 h6 18.
Rad1 Nd7 19. Be3 Qb5 20. a4 Qh5 21. f4 Bh3 22. Rfe1 Rb8 23. Bd4 Bb4 24. Bc3 Bc5+ 25. Kh1 Bg4 26. Rd5 Bf3+ 27. Bxf3 Qxf3+ 28. Qg2 Qxg2+ 29. Kxg2 Bd6 30. Rxa5 Nb6 31. Rb5 Ra8 32. a5 Nd7 33. Ra1 Nc5 34. Ra2 1-0